AoeStats
← [RZ] HardZeeiRa-BR

Nomad

507882196Analyzed
3v3 RM · 12d ago on Sep 20, 2026· 44m 21s· 6 players
Game mode
Random Map
Map size
210×210
Population
200
Speed
Normal
Resources
Standard
Victory
Conquest
Starting age
Dark Age
Ending age
Imperial Age
RankedLock teamsTeams togetherTeam positionsShared explorationLock speedFull tech treeHidden civsTurbo modeCheats
Victory
Defeat
🇲🇽 Vietnamese · Mexico
1367
+11
🇨🇱 Spanish · Chile
1306
+13
🇨🇳 Persians · China
1304
+13
🇧🇷 Saracens · Brazil
1352
-16
🇧🇷 Tupi · Brazil
1205
-11
🇧🇷 Franks · Brazil
1185
-10
[CL]Jigsaw
3:23 Loom
13:21 Feudal Age
13:55 Town Watch
14:14 Double-Bit Axe
22:59 Castle Age
22:19 Horse Collar
26:40 Medium Warships
29:13 Pikeman
41:24 Wheelbarrow
47:24 Imperial Age
JieX
4:56 Loom
13:29 Feudal Age
15:54 Fishing Lines
18:23 Castle Age
16:16 Double-Bit Axe
17:00 Fishing Lines
19:40 Bow Saw
20:13 Wheelbarrow
22:18 Husbandry
23:50 Horse Collar
24:33 Heavy Plow
26:42 Town Watch
27:57 Gold Mining
29:31 Bloodlines
29:33 Scale Barding Armor
29:38 Forging
32:40 Imperial Age
31:07 Chain Barding Armor
30:56 Gold Mining
32:27 Gold Shaft Mining
33:15 Iron Casting
32:18 Cavalier
33:36 Plate Barding Armor
33:34 Hand Cart
34:34 Chemistry
35:03 Blast Furnace
36:17 Town Patrol
36:43 Savar
39:07 Kamandaran
39:29 Conscription
41:00 Two-Man Saw
39:46 Crossbowman
40:32 Thumb Ring
40:22 Fletching
40:33 Padded Archer Armor
41:36 Ballistics
42:13 Bodkin Arrow
42:33 Leather Archer Armor
44:40 Ring Archer Armor
Rata Preñadora
3:01 Loom
13:40 Feudal Age
17:30 Castle Age
16:03 Fletching
17:00 Double-Bit Axe
17:08 Gold Mining
18:38 Bodkin Arrow
22:15 Ballistics
30:37 Imperial Age
28:50 Bow Saw
29:31 Padded Archer Armor
30:32 Leather Archer Armor
31:20 Wheelbarrow
33:45 Chemistry
[RZ] João Paulo
3:21 Loom
16:49 Feudal Age
22:10 Castle Age
20:42 Double-Bit Axe
20:55 Stone Mining
21:51 Fletching
24:30 Bodkin Arrow
25:04 Padded Archer Armor
27:22 Ballistics
29:00 Padded Archer Armor
29:48 Town Watch
35:07 Leather Archer Armor
[RZ] HardZeeiRa-BR
10:05 Loom
12:53 Feudal Age
19:46 Wheelbarrow
18:58 Double-Bit Axe
23:40 Castle Age
23:12 Scale Mail Armor
23:23 Forging
23:29 Gold Mining
23:41 Pikeman
25:27 Iron Casting
25:18 Scale Barding Armor
25:30 Chain Mail Armor
25:57 Gold Shaft Mining
33:05 Chain Barding Armor
32:49 Husbandry
36:23 Fletching
43:01 Imperial Age
40:42 Bodkin Arrow
[Rz] TK_puxa
3:44 Loom
13:13 Feudal Age
19:19 Castle Age
19:25 Castle Age
19:53 Stone Mining
19:53 Gold Mining
19:39 Demolition Ship
21:54 Gold Mining
22:17 Double-Bit Axe
24:46 Forging
25:49 Horse Collar
28:52 Wheelbarrow
29:05 Iron Casting
29:35 Husbandry
29:50 Bloodlines
33:32 Scale Barding Armor
36:59 Imperial Age
35:11 Bimaristan
36:29 Chain Barding Armor
39:54 Elite Mameluke
40:56 Conscription
42:31 Blast Furnace
42:01 Fletching
44:08 Hand Cart
Connection lost

Rejoining the realm…

Still unreachable

The connection could not be restored.

Session expired

The server has moved on; the page needs a fresh start.